 Dungeon Crawl Stone Soup version 0.30-a0-860-g512cf1e979 (webtiles) character file.

Game seed: 12150198934006197165

5971 112233 the Zephyrmancer (level 10, -1/75 HPs)
             Began as a Naga Air Elementalist on Mar 8, 2023.
             Was an Initiate of Gozag.
             Slain by a sun demon (26 damage)
             ... summoned by a kobold demonologist
             ... on level 8 of the Dungeon.
             The game lasted 00:15:34 (14205 turns).

112233 the Zephyrmancer (Naga Air Elementalist)    Turns: 14205, Time: 00:15:35

Health: -1/75      AC:  7    Str: 18    XL:     10   Next: 84%
Magic:  2/32       EV:  9    Int: 19    God:    Gozag
Gold:   740        SH:  0    Dex: 11    Spells: 13/27 levels left

rFire   + . .      SeeInvis +    f - +0 quarterstaff
rCold   + . .      Faith    .    (shield currently unavailable)
rNeg    . . .      Spirit   .    a - +0 robe
rPois   +          Reflect  .    d - +0 helmet
rElec   .          Rampage  .    u - scarf {rC+ rF+}
rCorr   .                        j - +1 pair of gloves
Will    +....                    (no barding)
Stlth   ++                       (no amulet)
HPRegen 0.32/turn                i - ring of magical power
MPRegen 0.23/turn                l - +6 ring of strength

@: swift
A: AC +3, large, see invisible, deformed body, poison resistance, slowness 2,
spit poison 1, naga tail 1, claws 1, mutation resistance 1
a: Spit Poison, Renounce Religion, Potion Petition, Call Merchant, Bribe Branch


You were on level 8 of the Dungeon.
You worshipped Gozag.
Gozag was pleased with you.
You visited 2 branches of the dungeon, and saw 10 of its levels.

You collected 1009 gold pieces.
You paid 269 gold pieces to Gozag.

Inventory:

Hand Weapons
 f - a +0 quarterstaff (weapon)
 k - a +0 whip of draining
Missiles
 b - a throwing net
Armour
 a - a +0 robe (worn)
 d - a +0 helmet (worn)
 j - a +1 pair of gloves (worn)
 u - a scarf of resistance (worn)
Jewellery
 e - a ring of ice
 i - a ring of magical power (left hand)
 l - a +6 ring of strength (right hand)
 m - a ring of positive energy
 y - a ring of protection from fire
Wands
 p - a wand of flame (32)
 w - a wand of charming (8)
 z - a wand of acid (4)
Scrolls
 c - 7 scrolls of identify
 g - a scroll of summoning
 h - 2 scrolls of fog
 o - a scroll of noise
 q - 2 scrolls of teleportation
 r - 2 scrolls of enchant armour
 t - a scroll of poison
 v - 2 scrolls of blinking
 x - 2 scrolls of enchant weapon
Potions
 n - 4 potions of degeneration
 s - 2 potions of flight
Miscellaneous
 A - a box of beasts (inert)


   Skills:
 - Level 1.5 Dodging
 - Level 3.0 Stealth
 + Level 9.4 Spellcasting
 - Level 1.0 Conjurations
 * Level 12.8 Air Magic


You had 13 spell levels left.
You knew the following spells:

 Your Spells              Type           Power      Damage    Failure   Level
a - Shock                 Conj/Air       100%       1d9       1%          1
b - Static Discharge      Conj/Air       70%        2-5/arc   1%          2
c - Swiftness             Air            55%        N/A       1%          3
d - Airstrike             Air            27%        2d(4-20)  1%          4
e - Summon Lightning Spi  Summ/Air       33%        N/A       5%          4

Your spell library contained the following spells:

 Spells                   Type           Power      Damage    Failure   Level
 Portal Projectile        Hex/Tloc       16%        N/A       24%         3
 Tukima's Dance           Hex            8%         N/A       24%         3
 Passage of Golubria      Tloc           8%         N/A       61%         4
 Blade Hands              Tmut           4%         N/A       91%         5
 Yara's Violent Unravell  Hex/Tmut       4%         3d4       91%         5
 Maxwell's Capacitive Co  Air            27%        ∞         95%         8
 Storm Form               Tmut/Air       16%        N/A       99%         7


Dungeon Overview and Level Annotations

Branches:
Dungeon (9/15)             Temple (1/1) D:5
   Lair: D:8-11         Orc: D:9-12

Altars:
Dithmenos
Elyvilon
Fedhas
Gozag
Nemelex Xobeh
Okawaru
Sif Muna
Uskayaw
Xom
Zin
The Shining One

Shops:
D:2 =[:=:   D:7 :

Annotations:
D:3 exclusion: downstairs
D:8 exclusion: downstairs


Innate Abilities, Weirdness & Mutations

Your serpentine skin is tough. (AC +3)
You have supernaturally acute eyesight. (SInv)
Armour fits poorly on your strangely shaped body.
Your system is resistant to poisons. (rPois)
You cover ground very slowly.
You can spit poison.
You have a snake-like lower body.
You have sharp fingernails.
You are somewhat resistant to further mutation.


Message History

Confirm with . or Enter, or press ? or * to list all spells.
You feel quick.
The kobold demonologist mumbles some strange words.
The kobold demonologist miscasts a cantrip.
Casting: Swiftness (safe; 1% risk of failure)
Confirm with . or Enter, or press ? or * to list all spells.
You don't have enough magic to cast this spell.
Unknown command.
Unknown command.
Aiming: Corrosive Bolt
Press: ? - help, Shift-Dir - straight line, f - kobold demonologist
Aim: a kobold demonologist, wielding a +0 dagger and wearing a +0 robe (moderately wounded, 60% to hit)
The bolt of acid hits the kobold demonologist!
The kobold demonologist is severely wounded.
The kobold demonologist looks satisfied for a moment.
Aiming: Throw Flame
Press: ? - help, Shift-Dir - straight line, f/p - kobold demonologist
Aim: a kobold demonologist, wielding a +0 dagger and wearing a +0 robe (severely wounded, 56% to hit)
The puff of flame misses the kobold demonologist.
The sun demon hits you but does no damage.
The kobold demonologist hits you but does no damage.
Aiming: Corrosive Bolt
Press: ? - help, Shift-Dir - straight line, f/p - kobold demonologist
Aim: a kobold demonologist, wielding a +0 dagger and wearing a +0 robe (severely wounded, 60% to hit)
The bolt of acid misses the kobold demonologist.
The sun demon barely misses you.
The kobold demonologist is distracted by your dazzling golden aura.
Aiming: Corrosive Bolt
Press: ? - help, Shift-Dir - straight line, f/p - kobold demonologist
Aim: a kobold demonologist, wielding a +0 dagger and wearing a +0 robe (severely wounded, 60% to hit)
The bolt of acid misses the kobold demonologist.
The sun demon hits you.
You are engulfed in flames!
You resist. The sun demon hits you.
You are engulfed in flames!
You resist.
Aiming: Corrosive Bolt
Press: ? - help, Shift-Dir - straight line, f/p - kobold demonologist
Aim: a kobold demonologist, wielding a +0 dagger and wearing a +0 robe (severely wounded, 60% to hit)
The bolt of acid misses the kobold demonologist.
The sun demon hits you!!
You die...
Your body crumbles into a pile of gold.

...### ##...#####
.........# "........#
.<.......##
..[.......#
..........####
.............#####
.........###...3@#####
.....:...# ####K$$...#
.........######......#
.............<.......#
..........#####......#
#########.#####......#
.#####.....#.....#####
....#.............##
#..................#


You could see a sun demon (summoned) and a kobold demonologist.

Vanquished Creatures
  Pikel (D:8)
  Joseph (D:8)
  A kobold demonologist (D:7)
  A komodo dragon (D:7)
  Grinder (D:3)
  Prince Ribbit (D:7)
  A troll (D:7)
  A slime creature (D:7)
  Eustachio (D:5)
  2 yaks
  A basilisk (D:7)
  A wraith (D:7)
  2 steam dragons
  Edmund (D:5)
  A water moccasin (D:6)
  Menkaure (D:5)
  An ice beast (D:5)
  2 black bears
  An ogre (D:6)
  3 lemures (D:8)
  3 phantoms (D:5)
  2 kobold brigands
  A gnoll sergeant (D:8)
  4 bullfrogs
  3 scorpions
  5 wights
  A killer bee (D:7)
  4 hounds
  5 orc priests
  A gnoll bouda (D:7)
  A jelly (D:4)
  6 iguanas
  Jessica (D:2)
  5 orc wizards
  A sleepcap (D:6)
  21 gnolls
  4 adders
  2 white imps
  5 worms
  5 dart slugs
  30 orcs
  8 ball pythons
  6 endoplasms
  4 giant cockroaches
  6 hobgoblins
  2 jackals (D:3)
  14 kobolds
  6 quokkas
  4 bats
  8 frilled lizards
  9 goblins
  4 rats
206 creatures vanquished.

Vanquished Creatures (collateral kills)
  2 killer bees (D:7)
2 creatures vanquished.

Vanquished Creatures (others)
  A gargoyle (D:7)
  8 plants
9 creatures vanquished.

Grand Total: 217 creatures vanquished

Notes
Turn   | Place    | Note
-------+----------+-------------------------------------------
     0 | D:1      | 112233 the Naga Air Elementalist began the quest for the
                  | Orb.
     0 | D:1      | Reached XP level 1. HP: 15/15 MP: 3/3
   246 | D:1      | Reached XP level 2. HP: 16/22 MP: 0/5
   367 | D:1      | Learned a level 2 spell: Static Discharge
  1014 | D:1      | Reached XP level 3. HP: 28/28 MP: 7/7
  1378 | D:2      | Learned a level 3 spell: Swiftness
  1590 | D:2      | Found a shadowy altar of Dithmenos.
  1753 | D:2      | Found Raidwoul's Jewellery Boutique.
  1874 | D:2      | Found Doesai's One-of-a-Kind Rings.
  2005 | D:2      | Found a faded altar of an unknown god.
  2038 | D:2      | Found Febyton's Book Boutique.
  2078 | D:2      | Found Duosh's Armour Boutique.
  2335 | D:2      | Noticed Jessica
  2341 | D:2      | Killed Jessica
  2342 | D:2      | Reached XP level 4. HP: 36/36 MP: 10/10
  2611 | D:2      | Found Iseboezo's Book Shop.
  2831 | D:3      | Noticed Grinder
  2841 | D:3      | Gained mutation: You do not regenerate when monsters are
                  | visible. [potion of mutation]
  2841 | D:3      | Gained mutation: You expend magic power (3 MP) to
                  | strengthen your wands. [potion of mutation]
  2841 | D:3      | Gained mutation: Your flesh is cold resistant. (rC+)
                  | [potion of mutation]
  2844 | D:3      | Paralysed by Grinder for 4 turns
  3007 | D:2      | Learned a level 4 spell: Airstrike
  3082 | D:3      | Killed Grinder
  3083 | D:3      | Reached skill level 5 in Spellcasting
  3083 | D:3      | Reached skill level 4 in Air Magic
  3083 | D:3      | Reached XP level 5. HP: 9/42 MP: 4/12
  3083 | D:3      | Reached XP level 6. HP: 10/49 MP: 4/13
  3331 | D:3      | Identified the +8 war axe "Koihuzea" {drain, rF+}
  3982 | D:3      | Reached skill level 5 in Air Magic
  4362 | D:4      | Reached XP level 7. HP: 55/55 MP: 15/15
  5064 | D:4      | Lost mutation: Your flesh is cold resistant. (rC+) [potion
                  | of mutation]
  5064 | D:4      | Lost mutation: You expend magic power (3 MP) to strengthen
                  | your wands. [potion of mutation]
  5064 | D:4      | Gained mutation: You occasionally lose the ability to read
                  | scrolls when taking damage. [potion of mutation]
  5064 | D:4      | Gained mutation: You have a pair of small horns on your
                  | head. [potion of mutation]
  5065 | D:4      | Lost mutation: You have a pair of small horns on your head.
                  | [potion of mutation]
  5065 | D:4      | Lost mutation: You occasionally lose the ability to read
                  | scrolls when taking damage. [potion of mutation]
  5065 | D:4      | Lost mutation: You do not regenerate when monsters are
                  | visible. [potion of mutation]
  5065 | D:4      | Gained mutation: You have sharp fingernails. [potion of
                  | mutation]
  5065 | D:4      | Gained mutation: You are somewhat resistant to further
                  | mutation. [potion of mutation]
  5390 | D:4      | Found a sparkling altar of Nemelex Xobeh.
  5390 | D:4      | Found a shimmering blue altar of Sif Muna.
  5391 | D:4      | Found a shadowy altar of Dithmenos.
  5923 | D:5      | Entered Level 5 of the Dungeon
  5932 | D:5      | Reached skill level 6 in Air Magic
  6147 | D:5      | Noticed Edmund
  6191 | D:6      | Noticed a steam dragon
  6203 | D:7      | Found Lautwaqi's Vocational Training.
  6446 | D:5      | Reached XP level 8. HP: 60/62 MP: 8/17
  6487 | D:5      | Reached skill level 7 in Air Magic
  6612 | D:5      | Noticed Menkaure
  6714 | D:5      | Killed Edmund
  6871 | D:5      | Killed Menkaure
  7096 | D:5      | Identified the +0 falchion "Zupol" {venom, rN++ Int+2}
  7235 | D:5      | Reached skill level 8 in Air Magic
  7448 | D:5      | Found a staircase to the Ecumenical Temple.
  7508 | Temple   | Entered the Ecumenical Temple
  7516 | Temple   | Became a worshipper of Gozag Ym Sagoz the Greedy
  7546 | D:5      | Noticed Eustachio
  7552 | D:5      | Killed Eustachio
  7679 | D:5      | Reached XP level 9. HP: 68/68 MP: 19/19
  7858 | D:5      | Reached skill level 9 in Air Magic
  8081 | D:6      | Found a white marble altar of Elyvilon.
  9585 | D:7      | Reached skill level 10 in Air Magic
  9980 | D:7      | Noticed a kobold demonologist
  9983 | D:7      | Killed a kobold demonologist
 10252 | D:7      | Noticed Prince Ribbit
 10255 | D:7      | Killed Prince Ribbit
 10256 | D:7      | Reached skill level 11 in Air Magic
 10538 | D:7      | Reached XP level 10. HP: 40/75 MP: 1/22
 11320 | D:7      | Noticed a gargoyle
 12509 | D:7      | Learned a level 4 spell: Summon Lightning Spire
 12712 | D:8      | Reached skill level 12 in Air Magic
 12850 | D:8      | Noticed Joseph
 12856 | D:8      | Killed Joseph
 13357 | D:8      | Noticed Pikel
 13363 | D:8      | Killed Pikel
 13604 | D:9      | Noticed a skeletal warrior
 13606 | D:9      | Noticed a skeletal warrior
 13606 | D:9      | Noticed a skeletal warrior
 13725 | D:9      | Noticed a kobold demonologist
 13725 | D:9      | Noticed a kobold demonologist
 13726 | D:9      | Noticed a rust devil
 14200 | D:8      | Noticed a sun demon
 14205 | D:8      | Slain by a sun demon

Illustrated notes

Levels and vault maps discovered:
D:1:      psy_arrival_terrarium, layout_basic
D:2:      layout_loops_corners, basic_altar, serial_shops,
          nicolae_shop_hallway_stairs, nicolae_shop_trees,
          nicolae_shop_hallway_plus, shop, ebering_ecumenical_altar_box,
          serial_park_tiny_2, nicolae_shop_unique_rings, uniq_jessica
D:3:      layout_loops_corners, uniq_grinder
D:4:      layout_basic, gammafunk_temple_overflow_claw, minmay_lizard_king
D:5:      layout_loops_ring, minmay_temple_entry_statues, minmay_quadrilaterals,
          uniq_eustachio, uniq_edmund, uniq_menkaure
D:6:      layout_loops_ring, mainiacjoe_overflow_brackets, gup_sewer_entry_pipe
D:7:      minmay_the_grid_octo_2x2 [minmay_the_grid_octo_toaster,
          minmay_the_grid_octo_clover_2, minmay_the_grid_octo_teeth,
          minmay_the_grid_octo_prize_single_spiral], layout_cave_pools,
          grunt_decor_one_mirror, nrook_campfire, grunt_decor_junction,
          nicolae_shop_vocational, uniq_prince_ribbit1
D:8:      layout_rooms, uniq_pikel, uniq_joseph
D:9:      layout_roguey, grunt_lair_entry_orc_guard_hut, fountainhead
Temple:   regret_index_temple_mists

Skill      XL: |  1  2  3  4  5  6  7  8  9 10 |
---------------+-------------------------------+-----
Spellcasting   | 3 4 5 6 7 8 9 |  9.4
Air Magic      | 4 5 6 8 11 12 | 12.8
Dodging        | |  1.5
Stealth        | |  3.0
Conjurations   | |  1.0

Action                     |  1- 3 |  4- 6 |  7- 9 | 10-12 || total
---------------------------+-------+-------+-------+-------++-------
  Melee: Unarmed           |     7 |       |       |       ||     7
         Quarterstaff      |     1 |       |    11 |     6 ||    18
   Cast: Shock             |    91 |    88 |    93 |       ||   272
         Static Discharge  |     1 |    13 |    24 |     4 ||    42
         Airstrike         |       |       |   121 |    76 ||   197
         Swiftness         |       |       |     2 |     6 ||     8
 Invoke: Potion Petition   |       |       |       |     1 ||     1
Ability: Spit Poison       |     3 |     1 |       |       ||     4
  Evoke: Wand              |       |       |       |    10 ||    10
         Box of beasts     |       |       |       |     1 ||     1
    Use: Potion            |       |     5 |     4 |     3 ||    12
         Scroll            |       |       |       |     9 ||     9
 Armour: Robe              |     6 |     6 |    22 |    23 ||    57
         Skin              |       |       |       |    26 ||    26
  Dodge: Dodged            |     7 |    15 |    34 |    31 ||    87

Table legend: (Time is in decaauts)
 A = Elapsed time spent in this place.
 B = Non-inter-level travel time spent in this place.
 C = Inter-level travel time spent in this place.
 D = Time resting spent in this place.
 E = Time spent auto-exploring this place.
 F = Levels seen in this place.
 G = Mean time per level.
                   A        B        C        D        E       F      G
               +--------+--------+--------+--------+--------+-----+--------+
         Total |  16489 |  15451 |   1038 |   3338 |  10775 |  10 | 1648.9 |
       Dungeon |  16464 |  15449 |   1015 |   3338 |  10775 |   9 | 1829.3 |
        Temple |     25 |      3 |     22 |      0 |      0 |   1 |   25.0 |
               +--------+--------+--------+--------+--------+-----+--------+

Top non-repeatable levels by time:
     D:7: 3198 daAuts
     D:6: 2284 daAuts
     D:5: 2124 daAuts
     D:4: 1977 daAuts
     D:2: 1838 daAuts
     D:3: 1750 daAuts
     D:8: 1700 daAuts
     D:1: 1570 daAuts
  Temple: 25 daAuts
     D:9: 19 daAuts
